[Event "Rapid Tournament (RAP)"]
[Site "Biel, Switzerland"]
[Date "2026.07.12"]
[Round "6.13"]
[White "Ghosh, Diptayan"]
[Black "Ling, Chenxuan"]
[Result "1-0"]
[TimeControl "15 + 5"]
[WhiteTitle "-"]
[BlackTitle "-"]
[WhiteFideId "5045207"]
[BlackFideId "30983118"]
[WhiteElo "2480"]
[BlackElo "2077"]

1. c4 e5 2. Nc3 Nf6 3. Nf3 Nc6 4. e3 Bb4 5. Qc2 O-O 6.
Nd5 d6 7. a3 Bc5 8. Ng5 g6 9. Nxf6+ Qxf6 10. Ne4 Qe7 11. Be2 Bf5 12. g4 Bxe4 13. Qxe4 a5 14. b3 Qe6 15. Bb2 Ne7 16. h4 c6 17. h5 d5 18.
Qxe5 Qxe5 19. Bxe5 f6 20.
Bb2 Rad8 21. cxd5 Nxd5 22. Rc1 Be7 23. Bc4 Kg7 24.
g5 Nb6 25. Be2 Kg8 26. hxg6 hxg6 27. gxf6 Bxf6 28. Bxf6 Rxf6 29. Rc5 a4 30. b4 Rfd6 31. d4 Kg7 32. Rg5 Nd5 33. Rhg1 b6 34.
Bd3 Ne7 35. Ke2 Rd5 36. Be4 Rxg5 37. Rxg5 Kf6 38. Rg1 Rc8 39. Rc1 Ke6 40. Bc2 Kd6 41. Be4 g5 42. Kd3 Rh8 43. Rg1 Rg8 44. Rh1 Rf8 45. Rh6+ Kc7 46. f3 Rf7 47. Kc4 Rg7 48.
Rh3 b5+ 49. Kd3 Kd6 50. Kd2 Rg8 51. Rh6+ Kc7 52. Rh1 Kd6 53. Kd3 Rg7 54. Rg1 Rg8 55. Rg4 Kc7 56. Kd2 Kd6 57. Kc3 Kc7 58.
Rg2 Kd6 59. Kd2 Kc7 60. Bb1 Kd6 61. Kd3 Rf8 62. Ke2 Nd5 63. Be4 Rg8 64. Bxd5 cxd5 65. e4 Ke6 66. Ke3 dxe4 67. fxe4 Kd6 68.
Rg1 Ke6 69. Rh1 Rc8 70. Rh6+ Kd7 71. d5 Rc3+ 72. Kd4 Rxa3 73. e5 Ra1 74. Rh7+ Kd8 75. e6 a3 76. d6 Rd1+ 77. Kc5 Rc1+ 78. Kb6 1-0

[Event "Rapid Tournament (RAP)"]
[Site "Biel, Switzerland"]
[Date "2026.07.12"]
[Round "6.14"]
[White "Maier, Christian"]
[Black "Sadeghi, Hassan Roger"]
[Result "1-0"]
[TimeControl "15 + 5"]
[WhiteTitle "-"]
[BlackTitle "-"]
[WhiteFideId "4601955"]
[BlackFideId "1304712"]
[WhiteElo "2314"]
[BlackElo "2028"]

1. e4 e5 2. Nf3 Nc6 3. Bb5 Bc5 4. c3 Nge7 5. O-O Bb6 6. h3 d6 7. d4 O-O 8. Re1 h6 9. Na3 Ng6 10. Nc4 Qf6 11. Nxb6 axb6 12. Bf1 Nf4 13.
Kh2 g5 14. g3 Ng6 15. Be3 Kg7 16. d5 Nb8 17. Bg2 Qe7 18. Nd2 Nd7 19. c4 Rh8 20. Kg1 h5 21. Nf3 f6 22. Nh2 Nc5 23.
b4 Na4 24. Rc1 Bd7 25. Rc2 h4 26. g4 Nf4 27. Nf1 Rhd8 28. Bc1 Rac8 29. Ne3 c6 30. dxc6 bxc6 31. Rd2 b5 32. Bf1 Be6 33.
Kh2 Kh6 34. cxb5 cxb5 35. Qf3 Qb7 36. Bb2 Nc3 37. Bxc3 Rxc3 38. Nf5+ Bxf5 39. Qxc3 Bxe4 40. Red1 Bg2 41. f3 Bxf3 42. Rxd6 Bxd1 43. Rxd8 Qe4 44.
Rd5 1-0

[Event "Rapid Tournament (RAP)"]
[Site "Biel, Switzerland"]
[Date "2026.07.12"]
[Round "6.15"]
[White "Alexakis, Dimitrios"]
[Black "Filipovic, Branko"]
[Result "0-1"]
[TimeControl "15 + 5"]
[WhiteTitle "-"]
[BlackTitle "-"]
[WhiteFideId "4200527"]
[BlackFideId "14507951"]
[WhiteElo "1954"]
[BlackElo "2279"]

1. e4 Nf6 2. e5 Nd5 3. d4 d6 4. Nf3 g6 5. c4 Nb6 6. exd6 cxd6 7. Nc3 Bg7 8. Be2 O-O 9. h3 Nc6 10. O-O Bf5 11. Bg5 h6 12. Be3 d5 13. c5 Nc4 14. Bxc4 dxc4 15. d5 Nb4 16. Nd4 Bd3 17.
a3 Nxd5 18. Re1 Nxe3 19. fxe3 Bxd4 20. exd4 Qxd4+ 21. Kh1 Qxc5 22. Qd2 Kh7 23. b4 Qc7 24. Nd5 Qd6 25. Nxe7 Rae8 26. Qe3 f5 27.
Qc5 Qxc5 28. bxc5 Be4 29. Rxe4 fxe4 30. Nd5 e3 31. Re1 e2 0-1

[Event "Rapid Tournament (RAP)"]
[Site "Biel, Switzerland"]
[Date "2026.07.12"]
[Round "6.16"]
[White "Gautier, Anand"]
[Black "Egli, Urs"]
[Result "1-0"]
[TimeControl "15 + 5"]
[WhiteTitle "-"]
[BlackTitle "-"]
[WhiteFideId "26010186"]
[BlackFideId "1306685"]
[WhiteElo "2223"]
[BlackElo "1964"]

1. e4 g6 2. d4 Bg7 3.
Nc3 c5 4. Nf3 cxd4 5. Nxd4 Nc6 6. Be3 d6 7. Bc4 Nf6 8.
h3 a6 9.
Bb3 Na5 10. O-O Nxb3 11. axb3 O-O 12. Re1 Rb8 13. Qd2 b5 14. Nc6 Qc7 15. Nxb8 Qxb8 16. Bh6 Bb7 17. Bxg7 Kxg7 18. b4 Rc8 19.
Nd5 Bxd5 20. exd5 Qb7 21. Red1 Rc4 22. c3 Re4 23. b3 Re5 24. c4 bxc4 25. bxc4 Qb6 26. Rac1 a5 27. bxa5 Qc5 28.
a6 Ne4 29. Qd4 Qc8 30. f4 1-0

[Event "Rapid Tournament (RAP)"]
[Site "Biel, Switzerland"]
[Date "2026.07.12"]
[Round "6.17"]
[White "Kukushkin, Ivan"]
[Black "Pinson, Clement"]
[Result "1-0"]
[TimeControl "15 + 5"]
[WhiteTitle "-"]
[BlackTitle "-"]
[WhiteFideId "11634103"]
[BlackFideId "26098660"]
[WhiteElo "2186"]
[BlackElo "1924"]

1. e4 e5 2. Nc3 Nf6 3. Bc4 Nxe4 4. Qh5 Nd6 5. Qxe5+ Qe7 6. Qxe7+ Bxe7 7. Bb3 Nf5 8. Nf3 O-O 9. d4 Nc6 10.
d5 Ncd4 11. Nxd4 Nxd4 12. O-O Nxb3 13. axb3 a6 14. Re1 Bb4 15. Bf4 d6 16. Re7 Bf5 17. Rxc7 Rfc8 18. Rxc8+ Rxc8 19. Na2 Bc5 20.
c3 Re8 21. b4 Bb6 22. Bxd6 Re2 23.
Bc5 Bxc5 24. bxc5 Rxb2 25. Nb4 a5 26. g4 Be4 27. c6 bxc6 28. dxc6 Kf8 29. c7 Bb7 30. Nc6 Ke8 31. Rd1 1-0

[Event "Rapid Tournament (RAP)"]
[Site "Biel, Switzerland"]
[Date "2026.07.12"]
[Round "6.18"]
[White "Fogo Esquivel, Levi Kalani Alexander"]
[Black "Grzeskowiak, Antoni"]
[Result "1-0"]
[TimeControl "15 + 5"]
[WhiteTitle "-"]
[BlackTitle "-"]
[WhiteFideId "5183189"]
[BlackFideId "41855531"]
[WhiteElo "2088"]
[BlackElo "1844"]

1. e4 d6 2. d4 Nf6 3. Nc3 g6 4. Bg5 Bg7 5. e5 Nfd7 6. f4 c5 7. exd6 cxd4 8. Nb5 Na6 9. Bxe7 Qa5+ 10. Qd2 Qxd2+ 11. Kxd2 Ndc5 12.
Re1 Be6 13. Nf3 Kd7 14. Nbxd4 Bd5 15. Bb5+ Bc6 16. Bc4 Ne4+ 17. Rxe4 Bxe4 18. Bxf7 Nc5 19. b4 Raf8 20. Bc4 Bxf3 21.
Bxf8 Ne4+ 22. Ke3 Bxd4+ 23. Kxd4 Bxg2 24.
Bg7 Bxh1 25. Bxh8 Nxd6 26. Bd3 Ke6 27. c4 b6 28. c5 Nf5+ 29. Kc4 Bd5+ 30. Kb5 bxc5 31. Kxc5 Nd6 32. a4 Nb7+ 33.
Kb5 Kd7 34. Ka6 Nd8 35. Bb5+ Bc6 36. Kxa7 Kc8 37. Ba6+ Kd7 38. b5 Be4 39. Bf6 Ne6 40. b6 Nc5 41. Bb5 Kc8 42. a5 Nb3 43.
a6 Nc5 44. Bd4 Ne6 45. b7+ 1-0

[Event "Rapid Tournament (RAP)"]
[Site "Biel, Switzerland"]
[Date "2026.07.12"]
[Round "6.19"]
[White "Aryan, Goyal"]
[Black "Manko, Mariia"]
[Result "0-1"]
[TimeControl "15 + 5"]
[WhiteTitle "-"]
[BlackTitle "-"]
[WhiteFideId "366108825"]
[BlackFideId "14199220"]
[WhiteElo "1869"]
[BlackElo "2210"]

1. e4 c5 2. Nf3 Nc6 3.
Bb5 e5 4. Bxc6 dxc6 5. d3 Bd6 6. O-O Ne7 7. a4 a5 8. b3 O-O 9. Nbd2 Ng6 10. Nc4 Bc7 11.
Be3 b6 12. Qd2 f6 13. c3 Bg4 14. Ne1 Qd7 15. Nc2 Rfd8 16. f3 Be6 17. Rfd1 b5 18. axb5 cxb5 19. N4a3 Bxb3 20. Bxc5 Nf4 21. Rab1 Ba4 22. d4 Ne6 23.
Qe2 Nxc5 24. dxc5 Qc6 25. Rxd8+ Rxd8 26. Nxb5 Qxc5+ 27. Ne3 Bb6 28. Qa2+ Kh8 29. Qxa4 Qxe3+ 30. Kh1 Qd3 31. Ra1 h5 32.
Qb3 h4 33. Na3 Be3 34. Nc4 h3 35. gxh3 Bf4 36. Qa2 Qxf3+ 37. Qg2 Qxc3 38. Rg1 Bh6 39. Nb6 Rd2 40. Qg4 Qc2 41. Qg3 Qxe4+ 0-1

[Event "Rapid Tournament (RAP)"]
[Site "Biel, Switzerland"]
[Date "2026.07.12"]
[Round "6.20"]
[White "Frey, Fabian"]
[Black "Jehnichen, Kai"]
[Result "1-0"]
[TimeControl "15 + 5"]
[WhiteTitle "-"]
[BlackTitle "-"]
[WhiteFideId "1336487"]
[BlackFideId "24684333"]
[WhiteElo "2207"]
[BlackElo "1903"]

1. d4 f5 2. e4 fxe4 3. Nc3 Nf6 4. Bg5 g6 5.
f3 exf3 6. Nxf3 Bg7 7. Bc4 c6 8. d5 cxd5 9. Nxd5 Nxd5 10. Qxd5 Rf8 11. O-O-O Qb6 12. Bb3 e6 13. Qd2 a5 14.
a4 Na6 15. Bh6 Bxh6 16. Qxh6 Nc5 17. Qxh7 Nxb3+ 18. cxb3 Qe3+ 19. Kb1 Qxb3 20. Qxg6+ Ke7 21. Rhf1 Rxf3 22. gxf3 Qxa4 23. Rg1 d5 24. Qg7+ Kd6 25.
Qf8+ Kc7 26. Rc1+ 1-0

[Event "Rapid Tournament (RAP)"]
[Site "Biel, Switzerland"]
[Date "2026.07.12"]
[Round "6.21"]
[White "Fernandes Barbosa Dos Santos, Gabriel"]
[Black "Berezovskii, Arina"]
[Result "1-0"]
[TimeControl "15 + 5"]
[WhiteTitle "-"]
[BlackTitle "-"]
[WhiteFideId "1354388"]
[BlackFideId "34449850"]
[WhiteElo "2199"]
[BlackElo "1895"]

1. e4 e5 2. Nf3 Nf6 3. Nxe5 d6 4. Nf3 Nxe4 5. Bd3 Nf6 6. Be2 Be7 7. O-O O-O 8. d4 b6 9. c4 d5 10. Nc3 Bb7 11. Bg5 h6 12.
Bh4 Re8 13. Re1 Nbd7 14. Qb3 Nf8 15. Bxf6 Bxf6 16. Nxd5 Bxd5 17.
cxd5 Ng6 18. g3 Ne7 19. Bc4 Nf5 20. Bb5 Rxe1+ 21. Rxe1 Qd6 22. Qc4 Rd8 23. Bc6 Ne7 24. Kg2 Nxd5 25.
Re8+ Rxe8 26. Bxe8 Kf8 27. Bc6 Ne7 28. Be4 c5 29. dxc5 Qxc5 30. Qd3 Qc7 31. b3 Nc8 32. Nd2 Qc3 33. Qd7 g6 34. Nc4 Ne7 35. Nd6 Kg7 36. Qe8 Qe5 37.
Qxf7+ Kh8 38. Qf8+ Kh7 39. Qd8 Nf5 40. Qd7+ Ng7 41. Bf3 Be7 42. Nc4 Qe6 43. Qxa7 Bc5 44. Nd2 Qe1 45. Ne4 Bd4 46.
Qd7 Be5 47. h4 Qa1 48. Qe7 Bd4 49. Qd6 Nf5 50. Qd7+ Ng7 51. a4 Qb2 52. Qd5 Bc3 53. h5 gxh5 54. Qd3 Be5 55. Nf6+ 1-0

[Event "Rapid Tournament (RAP)"]
[Site "Biel, Switzerland"]
[Date "2026.07.12"]
[Round "6.22"]
[White "Harish, Neeraj"]
[Black "Hajduk, Tomasz"]
[Result "1-0"]
[TimeControl "15 + 5"]
[WhiteTitle "-"]
[BlackTitle "-"]
[WhiteFideId "30958130"]
[BlackFideId "21811415"]
[WhiteElo "2140"]
[BlackElo "1879"]

1. e4 c5 2. d4 cxd4 3. Qxd4 Nc6 4. Qd3 Nf6 5. Nc3 d6 6. Nf3 e5 7. Bg5 Be7 8. O-O-O Be6 9. Bxf6 gxf6 10. Nd5 Rc8 11. Kb1 a6 12.
c3 Rg8 13. Nh4 b5 14. Nf5 Bxf5 15. exf5 Na5 16. Qh3 Rh8 17. Qh6 Kd7 18. Qg7 Rf8 19. Qxh7 Nc4 20. Bxc4 bxc4 21. Rd2 Rb8 22.
Rhd1 Qa5 23. Qg7 Rb6 24. Nxb6+ Qxb6 25. h4 Qb7 26. f3 e4 27. Rxd6+ Bxd6 28. Qxf8 Qc6 29. Rxd6+ Qxd6 30. Qxd6+ Kxd6 31. fxe4 1-0

[Event "Rapid Tournament (RAP)"]
[Site "Biel, Switzerland"]
[Date "2026.07.12"]
[Round "6.23"]
[White "Kwiatkowski, Maciej"]
[Black "Erne, Raphael"]
[Result "0-1"]
[TimeControl "15 + 5"]
[WhiteTitle "-"]
[BlackTitle "-"]
[WhiteFideId "1360175"]
[BlackFideId "1341928"]
[WhiteElo "1902"]
[BlackElo "2122"]

1. e4 c6 2. d4 d5 3. Nc3 dxe4 4. Nxe4 Bf5 5. Ng3 Bg6 6. Nf3 e6 7. Bc4 Nf6 8. O-O Be7 9. c3 O-O 10.
Qe2 Nbd7 11. Re1 Re8 12. h4 h6 13. Ne5 Nxe5 14. dxe5 Nd5 15. h5 Bh7 16. Qg4 Kh8 17. Bb3 Qc7 18.
a3 b5 19. c4 bxc4 20. Bxc4 Rab8 21. b3 Qa5 22. Bb2 Nb6 23. Bf1 Na4 24. b4 Qb6 25. Bd4 c5 26. Be3 Qb7 27. b5 Nb6 28.
a4 Nd5 29. Bd2 Red8 30. Ba5 Nb6 31. Be2 Rd4 32. Qf3 Qxf3 33. Bxf3 Nxa4 34. Bc6 Nb6 35. Ne2 Rd3 36. Nf4 Rd4 37.
Ne2 Rdd8 38. Nc3 Kg8 39. Ne4 Kf8 40.
Rac1 Bxe4 41. Rxe4 Rd4 42. Rd1 Rxd1+ 43. Kh2 Rd4 0-1

[Event "Rapid Tournament (RAP)"]
[Site "Biel, Switzerland"]
[Date "2026.07.12"]
[Round "6.24"]
[White "Menzi, Jonas"]
[Black "Zecirovic, Giacomo"]
[Result "0-1"]
[TimeControl "15 + 5"]
[WhiteTitle "-"]
[BlackTitle "-"]
[WhiteFideId "1345133"]
[BlackFideId "1339451"]
[WhiteElo "2114"]
[BlackElo "1886"]

1. e4 c6 2. d4 d5 3. exd5 cxd5 4. Bd3 Nf6 5. h3 Nc6 6. c3 g6 7. Nf3 Bg7 8. O-O O-O 9. Re1 a6 10. a4 Qc7 11. Nbd2 Bd7 12. Nb3 Rfe8 13.
Nc5 Bc8 14. Be3 b6 15. Nb3 a5 16. Qc1 Ba6 17. Bf4 Qc8 18. Bxa6 Qxa6 19. Ne5 Rac8 20. Nxc6 Rxc6 21. Qd1 Qc8 22.
Nc1 Qf5 23. Nd3 Ne4 24. Be3 f6 25. f3 Nd6 26. Bf4 Nc4 27. Bg3 e5 28. b3 Qg5 29. bxc4 Qxg3 30. cxd5 Rxc3 31. Nf2 f5 32.
d6 Rd8 33. dxe5 Bxe5 34. Qd5+ Kf8 35. Rxe5 Rc5 36. Ne4 Qxe5 37. Qd2 0-1

[Event "Rapid Tournament (RAP)"]
[Site "Biel, Switzerland"]
[Date "2026.07.12"]
[Round "6.25"]
[White "Materia, Matteo"]
[Black "El-Mais, Ibaa"]
[Result "0-1"]
[TimeControl "15 + 5"]
[WhiteTitle "-"]
[BlackTitle "-"]
[WhiteFideId "45150575"]
[BlackFideId "1312715"]
[WhiteElo "1868"]
[BlackElo "2100"]

1. Nf3 Nf6 2. b3 g6 3. Bb2 Bg7 4. e3 O-O 5. Be2 d6 6. d4 b6 7. O-O Bb7 8. c4 Nbd7 9. Nc3 Ne4 10. Nxe4 Bxe4 11. Nd2 Bb7 12. Bf3 c6 13.
Qc2 Rc8 14. Rad1 Qc7 15. Ne4 Qb8 16. Qe2 h6 17. g3 Ba6 18. Qc2 d5 19. Nd2 f5 20. Rfe1 Nf6 21. Qb1 Ne4 22. Be2 g5 23.
cxd5 Bxe2 24. Rxe2 cxd5 25. Nxe4 fxe4 26. Rdd2 Rf5 27. Rc2 Rcf8 28. Bc3 h5 29. Be1 h4 30. Rc6 Qe8 31. Rec2 Qh5 32.
Rc8 Qf3 33. Rxf8+ Bxf8 34. Bb4 a5 35. Ba3 g4 36. Qf1 hxg3 37. hxg3 Rh5 0-1

[Event "Rapid Tournament (RAP)"]
[Site "Biel, Switzerland"]
[Date "2026.07.12"]
[Round "6.26"]
[White "Haugner, Jan"]
[Black "Di Meo, Quentin"]
[Result "1-0"]
[TimeControl "15 + 5"]
[WhiteTitle "-"]
[BlackTitle "-"]
[WhiteFideId "24655244"]
[BlackFideId "1338498"]
[WhiteElo "2079"]
[BlackElo "1828"]

1. e4 c6 2. Nf3 d5 3. d3 Bg4 4. h3 Bxf3 5. Qxf3 e5 6. g3 Nf6 7. Bg2 h6 8. O-O d4 9. a4 Bd6 10. Nd2 Nbd7 11. Nc4 Bc7 12.
Qe2 O-O 13. f4 exf4 14. gxf4 a6 15. a5 Qb8 16. Qf2 Nh5 17. Qxd4 Qd8 18. Qf2 Bb8 19. Be3 Nhf6 20. Ra3 Bc7 21.
Kh1 Re8 22. Rb3 Qc8 23. Rg1 Nf8 24.
Nb6 Bxb6 25. Rxb6 Rb8 26. Kh2 Ng6 27. Bf3 Kh7 28. Qg3 Rg8 29. f5 Ne7 30. c4 Qe8 31. Bf4 Nd7 32. Rb4 Nc5 33.
Be2 Nxf5 34. Qf2 Qe7 35. Bxb8 Nxd3 36. Bxd3 Qxb4 37. Qxf5+ Kh8 38. e5 g6 39. Qf6+ Qd2+ 40. Qf5 Qb4 41. Qf6+ Rg7 42. e6 fxe6 43. Be5 Qe7 1-0

[Event "Rapid Tournament (RAP)"]
[Site "Biel, Switzerland"]
[Date "2026.07.12"]
[Round "6.27"]
[White "Radovcic, Branimir"]
[Black "Tkhoruk, Roman"]
[Result "0-1"]
[TimeControl "15 + 5"]
[WhiteTitle "-"]
[BlackTitle "-"]
[WhiteFideId "14595346"]
[BlackFideId "34161589"]
[WhiteElo "1840"]
[BlackElo "2076"]

1. e4 c6 2. d4 d5 3. exd5 cxd5 4. c4 Nf6 5. Nc3 Nc6 6.
Nf3 Bg4 7. cxd5 Nxd5 8. Qb3 Nxc3 9. bxc3 Bxf3 10. gxf3 Qb6 11. Qxb6 axb6 12. Bb5 e6 13. Be3 Bd6 14.
Rg1 g6 15. h4 f6 16. Ke2 Kf7 17. Rgb1 Bc7 18. c4 Rhd8 19. Rd1 Ra3 20. d5 Na7 21. d6 Rxd6 22. Rxd6 Bxd6 23. Bxb6 Nxb5 24. cxb5 Be5 25. Rd1 Rxa2+ 26. Kf1 Rb2 27. Rd7+ Kg8 28.
h5 gxh5 29. Be3 Rxb5 30. Bh6 f5 31. f4 Bf6 32. Kg2 Rb3 33. Rc7 b5 34. Rb7 b4 35. Rb8+ Kf7 36. Rb7+ Kg6 37. Bf8 Bc3 38. Be7 Rb1 39. Rb6 Kf7 40. Rb7 Kg6 41. Rb6 b3 42. Rxe6+ Kf7 43.
Re2 b2 44. Bh4 Rg1+ 45. Kxg1 b1=Q+ 46. Kg2 Qb4 47. Kg3 Bf6 48. Bxf6 Kxf6 49. Re3 h4+ 50. Kxh4 Qxf4+ 51. Kh3 Qxf2 52. Rg3 f4 53. Rg5 Qf3+ 54.
Kh4 Qh1+ 55. Kg4 Qg2+ 56. Kxf4 Qxg5+ 0-1

[Event "Rapid Tournament (RAP)"]
[Site "Biel, Switzerland"]
[Date "2026.07.12"]
[Round "6.28"]
[White "Hornung, Hans"]
[Black "Carey, Michael"]
[Result "1-0"]
[TimeControl "15 + 5"]
[WhiteTitle "-"]
[BlackTitle "-"]
[WhiteFideId "4615140"]
[BlackFideId "30923760"]
[WhiteElo "2040"]
[BlackElo "1850"]

1. d4 Nf6 2. Bg5 d5 3. e3 c5 4. Bxf6 gxf6 5. dxc5 Qa5+ 6. Nc3 e6 7. Bb5+ Bd7 8. Bxd7+ Nxd7 9. a3 Qxc5 10.
Nge2 Bg7 11. O-O f5 12. Qd3 O-O 13. f4 Rfd8 14. Nd4 Nf6 15. Rad1 Rac8 16. Nce2 a6 17. c3 Ne4 18. Ng3 Qb6 19.
Nxe4 dxe4 20. Qe2 Rd5 21. Kh1 Qc7 22. Rg1 Bxd4 23. cxd4 Rd7 24. g4 Kh8 25. gxf5 exf5 26. Qh5 Rd5 27. Rg5 Qc2 28. Rdg1 Qf2 29. Qxh7+ 1-0

[Event "Rapid Tournament (RAP)"]
[Site "Biel, Switzerland"]
[Date "2026.07.12"]
[Round "6.29"]
[White "Gireada, Lucas"]
[Black "De Gregorio, Alexis"]
[Result "0-1"]
[TimeControl "15 + 5"]
[WhiteTitle "-"]
[BlackTitle "-"]
[WhiteFideId "1373544"]
[BlackFideId "1310054"]
[WhiteElo "1837"]
[BlackElo "2030"]

1. d4 Nf6 2. c4 e6 3. Nf3 c5 4.
d5 exd5 5. cxd5 d6 6. h3 g6 7. Nc3 Bg7 8. e4 a6 9. a4 O-O 10. Bd3 Re8 11. O-O c4 12. Bc2 Nbd7 13. Bf4 Nc5 14.
Re1 Nh5 15. Bh2 Qf6 16. e5 dxe5 17. Bxe5 Qb6 18. Bxg7 Nxg7 19. Rxe8+ Nxe8 20. Rb1 Bd7 21. Qd4 Rc8 22. Ne5 Qf6 23.
Rd1 Nd3 24. Bxd3 cxd3 25. Rxd3 Bf5 26. Rf3 Nd6 27. g4 Nc4 28. gxf5 Nxe5 29. Re3 Nf3+ 30. Nb1 0-1

[Event "Rapid Tournament (RAP)"]
[Site "Biel, Switzerland"]
[Date "2026.07.12"]
[Round "6.30"]
[White "Moesching, Colin"]
[Black "Labrovic, Jakov"]
[Result "1-0"]
[TimeControl "15 + 5"]
[WhiteTitle "-"]
[BlackTitle "-"]
[WhiteFideId "1345036"]
[BlackFideId "14549786"]
[WhiteElo "1820"]
[BlackElo "2005"]

1. d4 Nf6 2. Nf3 e6 3. g3 b6 4. Bg2 Bb7 5. O-O d6 6. c4 Nbd7 7. Nc3 Be7 8. Qc2 O-O 9. e4 e5 10.
Rd1 exd4 11. Nxd4 Nc5 12. b4 Ne6 13. e5 Nxd4 14. Rxd4 Bxg2 15. Kxg2 Nd7 16. Bf4 c5 17. bxc5 bxc5 18.
Rd2 dxe5 19. Bxe5 Qe8 20. Bf4 Bf6 21. Bd6 Ne5 22. Nd5 Qc6 23. Bxf8 Kxf8 24. Qe4 Nxc4 25. Nxf6 Qxf6 26. Qxa8+ Ke7 27. Qd8+ Ke6 28. Re1+ Ne5 29. Qxf6+ Kxf6 30. Rd6+ Kf5 31. Rd5 f6 32.
f4 Ke6 33. Rxc5 Kd6 34. Rcxe5 fxe5 35.
fxe5+ 1-0

[Event "Rapid Tournament (RAP)"]
[Site "Biel, Switzerland"]
[Date "2026.07.12"]
[Round "6.31"]
[White "Alrefae, Ahmad"]
[Black "Laub, Patrick"]
[Result "0-1"]
[TimeControl "15 + 5"]
[WhiteTitle "-"]
[BlackTitle "-"]
[WhiteFideId "10306510"]
[BlackFideId "1302566"]
[WhiteElo "1797"]
[BlackElo "1949"]

1. e4 c6 2. d4 d5 3. e5 Bf5 4. Nc3 e6 5. g4 Bg6 6. Nge2 h6 7. Be3 Nd7 8. Qd2 Be7 9. O-O-O Qa5 10. f4 h5 11. f5 Bh7 12. h3 exf5 13. e6 fxe6 14. g5 O-O-O 15. h4 Bd6 16. Bf4 Qc7 17.
Bxd6 Qxd6 18. Nf4 Ne7 19. Nxh5 e5 20. dxe5 Nxe5 21. Qd4 c5 22. Qa4 Kb8 23. Bg2 d4 24. Nf4 N5c6 25. Nce2 Bg8 26.
Kb1 Nd5 27. Rdf1 Ne3 28. Rf2 Nb4 29.
h5 Bxa2+ 30. Kc1 Nxg2 31. Rxg2 Bd5 32. Nxd5 Qxd5 33. Nf4 Qf3 34. Qb5 Qxf4+ 35. Kb1 Qe4 36. Rhg1 d3 37. cxd3 Rxd3 38. Ka1 Qd4 39. Qa4 Rd8 40. Rb1 Rd6 41. Qe8+ Kc7 42. Qe7+ Rd7 43. Qe6 Ra3+ 0-1

[Event "Rapid Tournament (RAP)"]
[Site "Biel, Switzerland"]
[Date "2026.07.12"]
[Round "6.32"]
[White "Hashem, Khaled"]
[Black "Yang, Sung-Jui"]
[Result "1/2-1/2"]
[TimeControl "15 + 5"]
[WhiteTitle "-"]
[BlackTitle "-"]
[WhiteFideId "10300201"]
[BlackFideId "16301048"]
[WhiteElo "1926"]
[BlackElo "1825"]

1. d4 d5 2. Nf3 Nf6 3. g3 e6 4. Bg2 Be7 5. c4 O-O 6. O-O dxc4 7. Ne5 Nc6 8. Nxc6 bxc6 9. Qa4 Qxd4 10. Nc3 Rb8 11. Rd1 Qb6 12.
Qxc4 Ba6 13. Qxc6 Qxc6 14. Bxc6 Rfd8 15. Rxd8+ Bxd8 16. b3 Bb7 17. Bxb7 Rxb7 18. Ba3 c6 19. Rd1 Rd7 20. Rxd7 Nxd7 21. Ne4 Bb6 22. e3 a6 23. Kf1 f5 24. Nd2 Kf7 25. Ke2 Ne5 26.
h3 h5 27. f4 Nd7 28. Nc4 Bc7 29. Bd6 Bd8 30. Kf3 g6 31. e4 Be7 32. Ne5+ Nxe5+ 33. Bxe5 Bc5 34. g4 Ke8 35. exf5 exf5 36.
gxh5 gxh5 37. Kg3 Be7 38. Kf3 Kd7 39. Ke3 Ke6 40. Kd4 Ba3 41. Kc4 Be7 42. Bd4 Bd6 43.
Be3 Kf6 44. a4 Ke6 1/2-1/2

[Event "Rapid Tournament (RAP)"]
[Site "Biel, Switzerland"]
[Date "2026.07.12"]
[Round "6.33"]
[White "Wilhelm, Serge"]
[Black "Bachmann, Daniel"]
[Result "1-0"]
[TimeControl "15 + 5"]
[WhiteTitle "-"]
[BlackTitle "-"]
[WhiteFideId "1305808"]
[BlackFideId "1357492"]
[WhiteElo "1923"]
[BlackElo "1786"]

1. Nf3 d5 2. g3 Nf6 3.
Bg2 Nbd7 4. d3 e5 5. Nbd2 e4 6. dxe4 dxe4 7. Nd4 Bc5 8. N2b3 Bb6 9. c3 O-O 10. O-O Ne5 11. Bg5 c5 12.
Nc2 Bf5 13. Ne3 Qc8 14. Bxf6 gxf6 15. Nxf5 Qxf5 16. Qc2 Ng4 17. Qxe4 Qh5 18. h3 Nh6 19. Qf3 Qg6 20. Rfd1 Rfd8 21.
Qe4 f5 22. Qxb7 f4 23. Qe4 fxg3 24. Qxg6+ hxg6 25. Bxa8 Rxa8 26. fxg3 c4+ 27. Nd4 Nf5 28. Kf2 Rd8 29. e3 Nd6 30. Kf3 Kg7 31. Nc6 Rd7 32.
Ne5 Re7 33. Rxd6 Rxe5 34. e4 f5 35. Re1 Kh6 36. g4 fxg4+ 37. hxg4 Kg5 38. Rd5 Bc7 39. Red1 Kh4 40. Rxe5 Bxe5 41.
Rd5 Bb8 42. Rc5 Bd6 43. Rxc4 a5 44. Ra4 Bc7 45. b4 axb4 46. cxb4 Bb6 47. Ra6 Bd8 48. b5 Kh3 49. Rxg6 Kh4 50.
b6 1-0

[Event "Rapid Tournament (RAP)"]
[Site "Biel, Switzerland"]
[Date "2026.07.12"]
[Round "6.34"]
[White "Aryan, Mehta"]
[Black "Pinelli, Gian"]
[Result "1/2-1/2"]
[TimeControl "15 + 5"]
[WhiteTitle "-"]
[BlackTitle "-"]
[WhiteFideId "33329664"]
[BlackFideId "1348710"]
[WhiteElo "1921"]
[BlackElo "1774"]

1. d4 Nf6 2. c4 g6 3. Nc3 d5 4. Bg5 Bg7 5. Bxf6 Bxf6 6.
cxd5 c6 7. e4 O-O 8. Nf3 cxd5 9. Nxd5 Nc6 10. Nxf6+ exf6 11. d5 Qa5+ 12. Qd2 Nb4 13. Rc1 Re8 14. Rc4 Bf5 15. Qxb4 Qxd5 16.
Be2 Bxe4 17. O-O a5 18. Qc3 Qe6 19. Nd4 Qe7 20. Bf3 Bxf3 21. Nxf3 Rad8 22. h3 Qe2 23. Rc7 b5 24. Qxf6 Qxf1+ 25. Kh2 Rf8 26. Rxf7 Rxf7 27. Qxd8+ Rf8 28. Qd5+ Kh8 29. Qe5+ Kg8 30. Qd5+ Kh8 31. Qe5+ Kg8 1/2-1/2

[Event "Rapid Tournament (RAP)"]
[Site "Biel, Switzerland"]
[Date "2026.07.12"]
[Round "6.35"]
[White "Gheorghiu, Harry"]
[Black "Materia, Mario"]
[Result "1-0"]
[TimeControl "15 + 5"]
[WhiteTitle "-"]
[BlackTitle "-"]
[WhiteFideId "1248839"]
[BlackFideId "651082241"]
[WhiteElo "1751"]
[BlackElo "1914"]

1. e4 e5 2. Bc4 Nf6 3. d4 exd4 4. e5 d5 5. Qxd4 Nc6 6. Bb5 Ne4 7. b4 Qd7 8. Bxc6 Qxc6 9. c3 a5 10.
f3 Nxc3 11. Nxc3 Bxb4 12. Bd2 Be6 13. Nge2 Qd7 14. Qd3 O-O-O 15. Qb5 c6 16. Qb6 Bf5 17. Nd4 Qe7 18. Nxf5 Qxe5+ 19. Ne3 Bxc3 20.
Bxc3 Qxc3+ 21. Kf2 d4 22. Ng4 Qd2+ 23. Kg3 h5 24. Rab1 Rd7 25. Rhd1 Qg5 26. Qa7 h4+ 27. Kh3 Kd8 28.
Qa8+ Ke7 29. Qxh8 f5 30. Re1+ Kd6 31. Qf8+ Kc7 32. Ne5 Re7 33. Nd3 Rxe1 34. Rxe1 Kb6 35. Qe7 Qh5 36. Qc5+ Ka6 37. Qc4+ Ka7 38. Re7 f4 39.
Qc5+ Qxc5 40. Nxc5 Kb6 41. Ne4 d3 42. Rxg7 c5 43.
Rg4 c4 44. Rxf4 Kb5 45. Rxh4 Kb4 46. Rh7 b5 47. Rd7 Ka3 48. Rd5 b4 49. Rxa5+ Kb2 50. Rb5 c3 51. Rxb4+ Kxa2 52. Nxc3+ d2 53. Rd4+ 1-0

[Event "Rapid Tournament (RAP)"]
[Site "Biel, Switzerland"]
[Date "2026.07.12"]
[Round "6.36"]
[White "Ivarsson, Anders"]
[Black "Gunzinger, Severin"]
[Result "0-1"]
[TimeControl "15 + 5"]
[WhiteTitle "-"]
[BlackTitle "-"]
[WhiteFideId "1768158"]
[BlackFideId "1362518"]
[WhiteElo "1907"]
[BlackElo "1607"]

1. Nf3 Nf6 2. c4 g6 3. Nc3 d5 4. e3 Bg7 5. cxd5 Nxd5 6.
Qb3 Nb6 7. d4 O-O 8. Be2 Na6 9. a3 Be6 10. Qc2 c5 11. Bxa6 bxa6 12. dxc5 Nd7 13. b4 a5 14. Bb2 axb4 15.
axb4 a5 16. Ng5 axb4 17. Nxe6 Rxa1+ 18. Bxa1 fxe6 19. c6 bxc3 20. cxd7 Qxd7 21. O-O Rd8 22. Qb3 Kf7 23. g3 Qd2 24.
Qa3 Bf6 25. Rc1 c2 0-1

[Event "Rapid Tournament (RAP)"]
[Site "Biel, Switzerland"]
[Date "2026.07.12"]
[Round "6.37"]
[White "Boyer, Jean-Francois"]
[Black "Lachat, Pierre"]
[Result "0-1"]
[TimeControl "15 + 5"]
[WhiteTitle "-"]
[BlackTitle "-"]
[WhiteFideId "650226"]
[BlackFideId "1310763"]
[WhiteElo "1749"]
[BlackElo "1904"]

1. e4 c5 2. Nf3 Nc6 3. d4 cxd4 4. Nxd4 d6 5. c4 g6 6.
Nc3 Bg7 7. Be3 Nf6 8. f3 O-O 9. Qd2 a6 10. Be2 Bd7 11. O-O Rb8 12. Rfd1 0-1